 Dungeon Crawl Stone Soup version 0.18.1-48-g4cf74bf (webtiles) character file.

68 MovingMist the Skirmisher (level 4, 0/42 HPs)
             Began as a Naga Fighter on July 27, 2016.
             Slain by Terence
             ... wielding a +0 flail
              (7 damage)
             ... on level 2 of the Dungeon.
             The game lasted 00:05:46 (1641 turns).

MovingMist the Skirmisher (Naga Fighter)            Turns: 1641, Time: 00:05:47

Health: 0/42       AC:  7    Str: 20    XL:     4   Next: 19%
Magic:  4/4        EV:  2    Int:  8    God:
Gold:   68         SH:  9    Dex: 16    Spells: 0 memorised, 3 levels left

rFire  . . .     SeeInvis +     a - +0 trident
rCold  . . .     Gourm    .     l - +0 plate armour
rNeg   . . .     Faith    .     c - +0 shield
rPois  +         Spirit   .     (no helmet)
rElec  .         Dismiss  .     (no cloak)
rCorr  .         Reflect  .     (no gloves)
SustAt .         Harm     .     (no barding)
MR     .....                    (no amulet)
Stlth  ..........               (no ring)
                                n - +6 ring of dexterity

@: very slow, not resistant to hostile enchantments, extremely unstealthy
A: see invisible, deformed body, poison resistance, slowness 2, slow metabolism
1, spit poison 2, AC +1
a: Spit Poison


You were on level 2 of the Dungeon.
You were hungry.

You visited 1 branch of the dungeon, and saw 2 of its levels.

You collected 68 gold pieces.

Inventory:

Hand Weapons
 a - a +0 trident (weapon)
Armour
 b - a +0 scale mail
 c - a +0 shield (worn)
 l - a +0 plate armour (worn)
Jewellery
 n - a +6 ring of dexterity (left hand)
Scrolls
 h - 2 scrolls of remove curse
 p - a scroll of identify
Potions
 d - a potion of might
 e - 2 potions of curing
 j - a potion of lignification {unknown}
 m - a potion of agility {unknown}
Comestibles
 f - 2 bread rations
 g - 4 fruits
 i - a meat ration
 k - a beef jerky
 o - 7 chunks of flesh


   Skills:
 + Level 3.4 Fighting
 + Level 2.8 Polearms
 - Level 2.4 Armour
 + Level 1.1 Dodging
 + Level 3.0 Shields


You had 3 spell levels left.
You didn't know any spells.

Dungeon Overview and Level Annotations

Branches:
Dungeon (2/15)

Altars:

Annotations:
D:2 Terence


Innate Abilities, Weirdness & Mutations

You cannot wear boots.
Your serpentine skin is tough (AC +1).
You have supernaturally acute eyesight.
Armour fits poorly on your strangely shaped body.
Your system is resistant to poisons.
You cover ground very slowly.
You have a slow metabolism.
You can spit poison.


Message History

The splash of poison misses Terence.
You feel slightly more hungry. You block Terence's attack.
Your shield and plate armour prevent you from hitting Terence.
Terence is lightly wounded.
You block Terence's attack.
You hit Terence but do no damage.
Terence is lightly wounded.
You block Terence's attack.
You hit Terence.
Terence is moderately wounded.
You have got your breath back.
You block Terence's attack.
You puncture Terence!
Terence is almost dead.
Terence hits you with a flail.
* * * LOW HITPOINT WARNING * * *
You hit Terence.
Terence is almost dead.
Terence hits you with a flail!
You die...

#. ###.###
#.#.#. #.
#..# #.#.#.
#.#####.##
#.#.#.
.........#
#.#.#.
#.#####..##
#.#...
#...#
#.#.#.
#.#.#
#.#.#.
#.#.#
#.###.
#.#@##
#.....
#.#@.#
#####.
#...## #...
#..## #...
#..# #...
#..# ###.
#..# #.
#..# #.
#..# #.


You could see Terence.

Vanquished Creatures
  2 adders (D:2)
  2 gnolls (D:2)
  2 worms (D:2)
  A dart slug (D:2)
  A giant cockroach (D:2)
  5 goblins
  2 hobgoblins
  3 bats (D:1)
  2 giant newts (D:1)
  3 kobolds
  2 rats
25 creatures vanquished.

Notes
Turn   | Place    | Note
--------------------------------------------------------------
     0 | D:1      | MovingMist the Naga Fighter began the quest for the Orb.
     0 | D:1      | Reached XP level 1. HP: 21/21 MP: 1/1
   421 | D:1      | Reached XP level 2. HP: 4/28 MP: 2/2
  1201 | D:2      | Reached XP level 3. HP: 8/34 MP: 3/3
  1554 | D:2      | Reached skill level 1 in Dodging
  1554 | D:2      | Reached XP level 4. HP: 23/42 MP: 4/4
  1594 | D:2      | Noticed Terence
  1641 | D:2      | Slain by Terence

Skill      XL: |  1  2  3  4 |
---------------+-------------+-----
Dodging        | 1 |  1.1
Shields        | 3 |  3.0
Fighting       | |  3.4
Polearms       | |  2.8
Armour         | |  2.4

Action                   |  1- 3 |  4- 6 || total
-------------------------+-------+-------++-------
Melee: Trident           |   110 |    34 ||   144
 Abil: Spit Poison       |     1 |     5 ||     6
  Use: Scroll            |     6 |       ||     6
  Eat: Chunk             |     1 |       ||     1
Armor: Scale mail        |    11 |       ||    11
       Plate armour      |    29 |     8 ||    37
Dodge: Dodged            |    13 |     2 ||    15
Block: Shield            |    44 |    22 ||    66
